 Dungeon Crawl Stone Soup version 0.28-a0-861-ge64d6db94f (webtiles) character file.

Game seed: 6775348699542366985

4 mcbry74 the Skirmisher (level 1, 20/20 HPs)
             Began as a Hill Orc Fighter on Nov 15, 2021.
             Was a Follower of Vehumet.
             Quit the game on level 1 of the Dungeon.
             The game lasted 00:00:49 (128 turns).

mcbry74 the Skirmisher (Hill Orc Fighter)            Turns: 128, Time: 00:00:49

Health: 20/20      AC:  6    Str: 18    XL:     1   Next: 60%
Magic:  1/1        EV:  9    Int:  8    God:    Vehumet [*.....]
Gold:   0          SH:  4    Dex: 10    Spells: 0/0 levels left

rFire   . . .      SeeInvis .   a - +0 war axe
rCold   . . .      Faith    .   c - +0 buckler
rNeg    . . .      Spirit   .   b - +0 scale mail
rPois   .          Reflect  .   (no helmet)
rElec   .          Harm     .   (no cloak)
rCorr   .          Rampage  .   (no gloves)
Will    .....                   (no boots)
Stlth   ..........              (no amulet)
HPRegen 0.06/turn               (no ring)
MPRegen 0.07/turn               (no ring)

@: no status effects
A: no striking features
a: Renounce Religion


You were on level 1 of the Dungeon.
You worshipped Vehumet.
Vehumet was aware of your devotion.
You visited 1 branch of the dungeon, and saw 1 of its levels.

Inventory:

Hand Weapons
 a - a +0 war axe (weapon)
Armour
 b - a +0 scale mail (worn)
 c - a +0 buckler (worn)
Potions
 d - a potion of might
 e - a potion of invisibility {unknown}
 f - a potion of lignification {unknown}


   Skills:
 + Level 3.7 Fighting
 + Level 2.9 Axes
 + Level 3.4 Armour
 - Level 3.2 Shields


You couldn't memorise any spells.
You didn't know any spells.
Your spell library was empty.

Dungeon Overview and Level Annotations

Branches:
Dungeon (1/15)

Altars:
Vehumet


Message History

The endoplasm quivers.
The endoplasm hits you but does no damage.
Your shield and scale mail prevent you from hitting the endoplasm.
The endoplasm hits you.
You slash the endoplasm!
You kill the endoplasm!
HP restored.
A frilled lizard and a jackal come into view.
The jackal barks!
The frilled lizard moves out of view.
The jackal moves out of view.
Found a stone staircase leading down.
You barely miss the jackal. The jackal closely misses you.
You block the jackal's attack.
You closely miss the jackal. The jackal barely misses you.
The jackal closely misses you.
You barely miss the frilled lizard. You hit the jackal.
You kill the jackal!
The frilled lizard closely misses you. The frilled lizard barely misses you.
You miss the frilled lizard. The frilled lizard barely misses you.
You closely miss the frilled lizard. You block the frilled lizard's attack.
The frilled lizard bites you but does no damage.
You hit the frilled lizard.
You kill the frilled lizard!
No target in view!
The golden eye turns its gaze towards you.
f - a lumpy white potion The golden eye pulsates ominously.
Found a faded altar of an unknown god.
The great orb of eyes turns its gaze towards you.
The golden eye turns its gaze towards you.
The floating eye turns its gaze towards you.
There is a faded altar of an unknown god here.
You cannot tell which god this altar belongs to.
Convert to them anyway?
Vehumet accepts your prayer! Vehumet welcomes you!
You can now gain magical power from killing.
Vehumet offers you knowledge of Freeze.
Are you sure you want to abandon this character and quit the game? (Confirm with "yes".)
Okay, then.
Are you sure you want to abandon this character and quit the game? (Confirm with "yes".)

####### ## ...... #.. ......
#.###...### #.#G#...#G# .
#.###...###.# #...........#
#.....@.....#
#########...........####
.......#.###...###..#.. #
###.###...#G#...#G#....#
..#.....#...###...###.##.#
..#...>.#.............##.#######
#..........####.........#......#
.#.....#..# #........#.#####.[.
#.....#.## #........#.#


You could see a great orb of eyes, a floating eye and 2 golden eyes.

Vanquished Creatures
  An endoplasm (D:1)
  A jackal (D:1)
  A frilled lizard (D:1)
  A rat (D:1)
4 creatures vanquished.

Notes
Turn   | Place    | Note
-------+----------+-------------------------------------------
     0 | D:1      | mcbry74 the Hill Orc Fighter began the quest for the Orb.
     0 | D:1      | Reached XP level 1. HP: 19/19 MP: 1/1
    47 | D:1      | Noticed a golden eye
   118 | D:1      | Noticed a golden eye
   121 | D:1      | Found a faded altar of an unknown god.
   122 | D:1      | Noticed a great orb of eyes
   122 | D:1      | Noticed a floating eye
   127 | D:1      | Prayed at the altar of an unknown god.
   127 | D:1      | Became a worshipper of Vehumet
   127 | D:1      | Reached * piety under Vehumet
   127 | D:1      | Offered knowledge of Freeze by Vehumet.
   128 | D:1      | Quit the game

Illustrated notes

Levels and vault maps discovered:
D:1:      lemuel_arrival_cross, layout_loops_ring,
          hellmonk_ecumenical_altar_watching_god, st_stairs_3

Action                   || total
-------------------------++-------
Melee: War axe           ||     9
Armor: Scale mail        ||     2
Dodge: Dodged            ||     6
Block: Buckler           ||     2

Table legend: (Time is in decaauts)
 A = Elapsed time spent in this place.
 B = Non-inter-level travel time spent in this place.
 C = Inter-level travel time spent in this place.
 D = Time resting spent in this place.
 E = Time spent auto-exploring this place.
 F = Levels seen in this place.
 G = Mean time per level.
                   A        B        C        D        E       F      G
               +--------+--------+--------+--------+--------+-----+--------+
         Total |    131 |    131 |      0 |      0 |    101 |   1 |  131.0 |
       Dungeon |    131 |    131 |      0 |      0 |    101 |   1 |  131.0 |
               +--------+--------+--------+--------+--------+-----+--------+

Top non-repeatable levels by time:
     D:1: 131 daAuts
